[Event "Titled Tuesday Blitz April 25 Early 2023"]
[White "Begunov, Konstantin"]
[Black "Rustemov, Alexander"]
[WhiteFideId "4118510"]
[BlackFideId "4119002"]
[WhiteElo "2087"]
[BlackElo "2778"]
[Result "1-0"]
[Round "05"]
[TimeControl "180+2"]
[Date "2023.04.25"]
[WhiteClock "0:00:06"]
[BlackClock "0:00:07"]

1. d4 d5 2. c4 c6 3. Nc3 Nf6 4. cxd5 cxd5 5. Bf4 Nc6 6. e3 a6 7. Nf3 Bg4 8. h3 Bxf3 9. Qxf3 e6 10. Bd3 Bd6 11. Bg5 Be7 12. O-O O-O 13. Rfc1 Rc8 14. Qd1 Ne8 15. Bxe7 Qxe7 16. Na4 Nd6 17. Nc5 Rc7 18. Rc3 Rfc8 19. Rac1 g6 20. Nxa6 bxa6 21. Bxa6 Na7 22. Bxc8 Rxc8 23. Qa4 Rxc3 24. Rxc3 Qb7 25. b3 Kg7 26. Qa5 Nac8 27. Rc7 Qb8 28. Rd7 Nb6 29. Ra7 Ndc8 30. Ra6 h5 31. Qb5 Qc7 32. a4 Nd7 33. Rc6 Qd8 34. Qb7 Ncb6 35. a5 Na8 36. Rd6 Nc7 37. a6 Kf8 38. a7 Ke7 39. Rc6 Na8 40. Rc8 Qa5 41. Qxa8 Qe1+ 42. Kh2 Qxf2 43. Re8+ Kf6 44. Qd8+ Kf5 45. Qxd7 Ke4 46. a8=Q h4 47. Qb8 Kxe3 48. Qe5+ Kd3 49. Ra8 g5 50. Qb5+ Kc3 51. Rc8+ Kb2 52. Qc5 f6 53. Qc1+ Kxb3 54. Qee3+ 1-0


[Site "https://www.chess.com"]

[Event "Titled Tuesday Blitz April 25 Early 2023"]
[White "Karas, Marek"]
[Black "Csonka, Balazs"]
[WhiteFideId "14928558"]
[BlackFideId "742910"]
[WhiteElo "2233"]
[BlackElo "2404"]
[Result "1/2-1/2"]
[Round "05"]
[TimeControl "180+2"]
[Date "2023.04.25"]
[WhiteClock "0:00:08"]
[BlackClock "0:00:04"]

1. d4 d5 2. c4 e6 3. Nf3 Nf6 4. Nc3 Bb4 5. Qa4+ Nc6 6. e3 O-O 7. Bd2 a6 8. Qc2 h6 9. a3 Bxc3 10. Bxc3 Ne4 11. Bd3 f5 12. O-O b6 13. cxd5 exd5 14. Bb4 Rf6 15. Ne5 Nxe5 16. dxe5 Rf7 17. f4 c5 18. Be1 Be6 19. Rd1 Qc7 20. b4 Qc6 21. bxc5 bxc5 22. Rb1 c4 23. Bxe4 dxe4 24. Bc3 Raa7 25. Bd4 Rab7 26. Rxb7 Rxb7 27. Rb1 Kh7 28. h3 Qd7 29. Rxb7 Qxb7 30. Qb2 Qxb2 31. Bxb2 Kg6 32. Bc3 Kf7 33. Kf2 g5 34. g3 Kg6 35. Bd4 Kh5 36. Bc3 Bd5 37. Bd4 Kg6 38. Bc3 h5 39. h4 gxh4 40. gxh4 Kf7 41. Ke1 Ke8 42. Kd2 Kd7 43. Bb4 Kc6 44. Kc3 Kb5 45. Kd4 Be6 46. Bd6 Ka4 47. Kc3 Bf7 48. Kd4 Be6 49. Kc3 Bg8 50. Be7 Bf7 51. Bd6 a5 52. Be7 Kb5 53. Bd6 Ka4 54. Be7 Bg8 55. Bd6 Bf7 1/2-1/2


[Site "https://www.chess.com"]

[Event "Titled Tuesday Blitz April 25 Early 2023"]
[White "Petukhov, Dmitry"]
[Black "Ashraf, Artin"]
[WhiteFideId "4142748"]
[BlackFideId "22514805"]
[WhiteElo "2311"]
[BlackElo "2188"]
[Result "0-1"]
[Round "05"]
[TimeControl "180+2"]
[Date "2023.04.25"]
[WhiteClock "0:00:01"]
[BlackClock "0:00:02"]

1. e4 e5 2. Nf3 Nc6 3. Bb5 Nf6 4. O-O Nxe4 5. d4 Nd6 6. Bxc6 dxc6 7. dxe5 Nf5 8. Qxd8+ Kxd8 9. Nc3 Be7 10. Ne2 c5 11. Nf4 c6 12. h3 h5 13. Ne2 Be6 14. b3 a5 15. Nf4 a4 16. Nxe6+ fxe6 17. Bg5 Bxg5 18. Nxg5 Ke7 19. c3 Rhd8 20. Ne4 Rd5 21. f4 b6 22. Kf2 Rd3 23. Rfd1 Rxd1 24. Rxd1 axb3 25. axb3 Ra3 26. g4 hxg4 27. hxg4 Nh6 28. Kf3 Nf7 29. g5 Rxb3 30. Ra1 Nh8 31. Ra7+ Kf8 32. Ra8+ Kf7 33. Rxh8 b5 34. Rc8 b4 35. Rxc6 bxc3 36. Rxc5 c2+ 37. Kg4 Rb4 38. Nd6+ Kg6 39. Rxc2 Rb6 40. Rc8 Rb1 41. Ne4 Rg1+ 42. Ng3 Kf7 43. Rc7+ Kg6 44. Rc6 Kf7 45. g6+ Ke7 46. Rc7+ Kf8 47. Rf7+ Kg8 48. Re7 Kf8 49. Rxe6 Ra1 50. Rb6 Rb1 51. Nf5 Rxb6 52. Nd6 Ke7 53. Nc4 Rxg6+ 54. Kf5 Rc6 55. Ne3 Kf7 56. Nd5 Rc5 57. Ne3 Rc3 58. Ke4 Rc1 59. f5 Re1 60. Kf4 Ra1 61. Ke4 Ra4+ 62. Kd5 Rf4 63. e6+ Kf6 64. Kd6 Rd4+ 65. Nd5+ Kxf5 66. e7 Re4 67. Nc7 g5 68. e8=Q Rxe8 69. Nxe8 g4 70. Ng7+ Kg6 0-1


[Site "https://www.chess.com"]

[Event "Titled Tuesday Blitz April 25 Early 2023"]
[White "Omranalhosani21"]
[Black "Shaik Sumer Arsh"]
[BlackFideId "45020000"]
[WhiteElo "2750"]
[BlackElo "2350"]
[Result "1-0"]
[Round "05"]
[TimeControl "180+2"]
[Date "2023.04.25"]
[WhiteClock "0:00:07"]
[BlackClock "0:00:15"]

1. d4 Nf6 2. c4 e6 3. Nc3 Bb4 4. a3 Bxc3+ 5. bxc3 c5 6. f3 O-O 7. e4 Nc6 8. e5 Ne8 9. f4 d6 10. dxc5 dxe5 11. Qxd8 Nxd8 12. fxe5 Nc6 13. Nf3 Bd7 14. Be3 Nc7 15. Be2 Ne7 16. O-O Ng6 17. Rfd1 Bc6 18. Bd4 Nf4 19. Kf2 Na6 20. Bf1 Rac8 21. g3 Bxf3 22. Kxf3 Ng6 23. Rab1 Nxc5 24. Bxc5 Rxc5 25. Rxb7 Nxe5+ 26. Ke3 Nxc4+ 27. Bxc4 Rxc4 28. Rxa7 Rxc3+ 29. Rd3 Rc2 30. h4 h5 31. a4 Ra2 32. Rdd7 g6 33. a5 Kg7 34. a6 Ra3+ 35. Kf4 Kf6 36. Rdb7 e5+ 37. Ke4 Rxg3 38. Rb6+ Kg7 39. Kxe5 Re8+ 40. Kf4 Rg4+ 41. Kf3 Ree4 42. Rd7 Rgf4+ 43. Kg3 Rg4+ 44. Kf3 Ra4 45. a7 Rxh4 46. Rbb7 Rhc4 47. Rxf7+ Kh6 48. Ke3 Rc3+ 49. Kd2 Rca3 50. Kc2 h4 51. Rh7+ Kg5 52. Rb5+ Kg4 53. a8=Q Rxa8 54. Rb4+ Kg5 55. Rhxh4 Rc8+ 56. Kb2 Rg3 57. Rh7 Rf8 58. Rb5+ Rf5 59. Rb3 Rf2+ 60. Ka3 Rxb3+ 61. Kxb3 Kg4 62. Kc3 Re2 63. Kd3 Re8 64. Rh1 g5 65. Rg1+ Kf4 66. Rf1+ Kg3 67. Rg1+ Kh4 68. Rh1+ Kg4 69. Rg1+ Kh5 70. Rh1+ Kg6 71. Rg1 Re5 72. Kd2 Re4 73. Re1 Rf4 74. Ke3 g4 75. Kxf4 Kf6 76. Kxg4 Kg6 77. Re6+ 1-0


[Site "https://www.chess.com"]

[Event "Titled Tuesday Blitz April 25 Early 2023"]
[White "Liu, Xiangyi"]
[Black "Arat, Ufuk Sezen"]
[WhiteFideId "8605718"]
[BlackFideId "6309089"]
[WhiteElo "2323"]
[BlackElo "2289"]
[Result "1-0"]
[Round "05"]
[TimeControl "180+2"]
[Date "2023.04.25"]
[WhiteClock "0:00:44"]
[BlackClock "0:00:08"]

1. Nf3 d5 2. g3 Nf6 3. Bg2 c6 4. O-O Bg4 5. h3 Bf5 6. d3 e6 7. Nbd2 Nbd7 8. Nh4 Bd6 9. e4 Bg6 10. f4 Bc5+ 11. Kh2 Bh5 12. Qe1 dxe4 13. dxe4 e5 14. Nb3 Be7 15. Nf5 O-O 16. g4 Bxg4 17. hxg4 Nxg4+ 18. Kh3 h5 19. Nxe7+ Qxe7 20. Qh4 Ndf6 21. f5 Rad8 22. Bg5 Qb4 23. Bxf6 Nxf6 24. Bf3 Qc4 25. Rg1 Ne8 26. Qxd8 Nf6 1-0


[Site "https://www.chess.com"]

[Event "Titled Tuesday Blitz April 25 Early 2023"]
[White "Garv Gaur"]
[Black "Papasimakopoulos, Alexandros"]
[WhiteFideId "45030839"]
[BlackFideId "4244125"]
[WhiteElo "2068"]
[BlackElo "2359"]
[Result "1-0"]
[Round "05"]
[TimeControl "180+2"]
[Date "2023.04.25"]
[WhiteClock "0:00:28"]
[BlackClock "0:01:04"]

1. d4 Nf6 2. Nf3 b6 3. c4 Bb7 4. g3 e5 5. dxe5 Ng4 6. Bg5 Be7 7. Bxe7 Qxe7 8. Bg2 Nxe5 9. O-O Nxf3+ 10. exf3 O-O 11. Nc3 a5 12. Re1 Qb4 13. Qe2 Na6 14. Rad1 Nc5 15. Nb5 Rac8 16. b3 a4 17. bxa4 Qxa4 18. a3 Bc6 19. Qb2 Qxc4 20. Nd4 Bb7 21. Nf5 f6 22. Ne7+ Kh8 23. Nxc8 Rxc8 24. Qb4 Qa6 25. Re7 h6 26. Qg4 Rg8 27. Rde1 Qxa3 28. Rxg7 Rf8 29. Qg6 1-0


[Site "https://www.chess.com"]

[Event "Titled Tuesday Blitz April 25 Early 2023"]
[White "Wagner, Dennis"]
[Black "Baches Garcia, Guillermo"]
[WhiteFideId "24650684"]
[BlackFideId "2209764"]
[WhiteElo "2470"]
[BlackElo "2474"]
[Result "1-0"]
[Round "05"]
[TimeControl "180+2"]
[Date "2023.04.25"]
[WhiteClock "0:00:11"]
[BlackClock "0:00:02"]

1. d4 Nf6 2. Nf3 e6 3. c4 d5 4. Nc3 c5 5. e3 a6 6. cxd5 exd5 7. Be2 Nc6 8. O-O cxd4 9. Nxd4 Bd6 10. b3 O-O 11. Bb2 Bc7 12. Bf3 Qd6 13. g3 Bh3 14. Re1 Rad8 15. Nxc6 bxc6 16. Rc1 Ba5 17. Qd4 c5 18. Qh4 d4 19. Qxh3 dxc3 20. Bxc3 Bxc3 21. Rxc3 Qd2 22. Rec1 Qxa2 23. Qf5 Rd2 24. R3c2 Rxc2 25. Qxc2 Qa3 26. Qxc5 Qxb3 27. Ra1 Qd3 28. Qa3 Qf5 29. Kg2 h5 30. Qxa6 h4 31. gxh4 Qg6+ 32. Kh1 Qf5 33. Qc6 Qh3 34. Rg1 Qxh4 35. Rg3 Rd8 36. Kg2 g6 37. Qc3 Nh5 38. Rg4 Qe7 39. Qb3 1-0


[Site "https://www.chess.com"]

[Event "Titled Tuesday Blitz April 25 Early 2023"]
[White "Samunenkov, Ihor"]
[Black "Manukian, Artak"]
[WhiteFideId "14187086"]
[BlackFideId "13301373"]
[WhiteElo "2457"]
[BlackElo "2130"]
[Result "1-0"]
[Round "05"]
[TimeControl "180+2"]
[Date "2023.04.25"]
[WhiteClock "0:00:03"]
[BlackClock "0:00:03"]

1. e4 c5 2. Nf3 e6 3. d4 cxd4 4. Nxd4 Nf6 5. Nc3 Bb4 6. e5 Nd5 7. Qg4 Kf8 8. a3 Ba5 9. Qg3 Nc6 10. Nxc6 bxc6 11. Bd2 Rb8 12. b4 Bc7 13. Ne4 f5 14. Nd6 Bxd6 15. exd6 Qf6 16. Rd1 Qg6 17. c4 Qxg3 18. hxg3 Nf6 19. Bc3 Kf7 20. Be2 Ne4 21. Bh5+ Kf8 22. Be5 a5 23. bxa5 Ba6 24. O-O Bxc4 25. Rb1 Rd8 26. Rfc1 Bb5 27. a4 Bxa4 28. a6 Nf6 29. Be2 Kf7 30. Rb7 Ra8 31. Bxf6 Kxf6 32. Rxd7 Bb5 33. Bxb5 cxb5 34. a7 Ke5 35. Rcc7 b4 36. Rb7 Rhc8 37. Rb5+ Kd4 38. Rxb4+ Kc5 39. Rbb7 Kc6 40. Kf1 g5 41. f4 gxf4 42. gxf4 h5 43. g3 Kd5 44. Kg2 Rg8 45. Kh3 Ke4 46. Rdc7 e5 47. d7 exf4 48. gxf4 Kxf4 49. Rc8 Rgxc8 50. dxc8=Q Rxc8 51. Rb8 Rc3+ 52. Kg2 Rc2+ 53. Kf1 Rc1+ 54. Ke2 Rc2+ 55. Kd3 Ra2 56. a8=Q Rxa8 57. Rxa8 Kg3 58. Ke2 h4 59. Rg8+ Kh2 60. Kf3 h3 61. Rg7 Kh1 62. Ra7 Kh2 63. Ra2+ Kg1 64. Kg3 f4+ 65. Kxh3 f3 66. Kg3 1-0


[Site "https://www.chess.com"]

[Event "Titled Tuesday Blitz April 25 Early 2023"]
[White "Turzo, Attila"]
[Black "Karthik Rajaa"]
[WhiteFideId "704954"]
[BlackFideId "25035215"]
[WhiteElo "2471"]
[BlackElo "2215"]
[Result "0-1"]
[Round "05"]
[TimeControl "180+2"]
[Date "2023.04.25"]
[WhiteClock "0:01:21"]
[BlackClock "0:01:24"]

1. e4 c6 2. d4 d5 3. exd5 cxd5 4. Bd3 Nc6 5. c3 Nf6 6. Bf4 Bg4 7. Qb3 Qd7 8. Nd2 e6 9. Ngf3 Bd6 10. Bxd6 Qxd6 11. O-O O-O 12. Rae1 Ne7 13. Ne5 Bf5 14. Be2 Qc7 15. f4 Ne4 16. Ndf3 f6 17. Nd3 Ng6 18. Qd1 Nxf4 19. Nxf4 Qxf4 20. Ne5 Qe3+ 21. Kh1 fxe5 22. Bf3 Nf2+ 23. Rxf2 Qxf2 24. Rxe5 Bg4 25. Re1 Bxf3 26. gxf3 Qxf3+ 27. Qxf3 Rxf3 28. Rxe6 Raf8 29. Re7 Rf1+ 30. Kg2 R1f2+ 31. Kg3 Rxb2 32. Rd7 Rb5 0-1


[Site "https://www.chess.com"]

[Event "Titled Tuesday Blitz April 25 Early 2023"]
[White "Staudenhocker43"]
[Black "Nevednichy, Vladislav"]
[BlackFideId "1205730"]
[WhiteElo "2470"]
[BlackElo "2370"]
[Result "0-1"]
[Round "05"]
[TimeControl "180+2"]
[Date "2023.04.25"]
[WhiteClock "0:00:55"]
[BlackClock "0:01:32"]

1. d4 g6 2. e4 Bg7 3. Nc3 a6 4. Be3 b5 5. a3 Bb7 6. f4 Nf6 7. Bd3 d6 8. Nf3 O-O 9. h3 Nc6 10. O-O b4 11. Nd5 bxa3 12. Nxf6+ exf6 13. bxa3 Re8 14. Rb1 Qc8 15. Re1 Ne7 16. c4 f5 17. e5 Be4 18. Bxe4 fxe4 19. Nd2 d5 20. cxd5 Nxd5 21. Qb3 Nxe3 22. Qxe3 f5 23. exf6 Bxf6 24. Nxe4 Bg7 25. d5 Qf5 26. Qf3 Rad8 27. Rbd1 h6 28. Kh2 Kh8 29. Ng3 Qf7 30. Rxe8+ Qxe8 31. Qd3 Qf7 32. Rf1 Rxd5 33. Qxa6 Rd6 34. Qa8+ Kh7 35. Qf3 c5 36. Kh1 c4 37. f5 c3 38. fxg6+ Qxg6 39. Ne4 Rc6 40. Ng5+ hxg5 0-1


[Site "https://www.chess.com"]

[Event "Titled Tuesday Blitz April 25 Early 2023"]
[White "Prohaszka, Peter"]
[Black "Heinemann, Josefine"]
[WhiteFideId "726265"]
[BlackFideId "12900460"]
[WhiteElo "2626"]
[BlackElo "2342"]
[Result "1/2-1/2"]
[Round "05"]
[TimeControl "180+2"]
[Date "2023.04.25"]
[WhiteClock "0:00:09"]
[BlackClock "0:00:09"]

1. d4 Nf6 2. c4 g6 3. g3 c6 4. Bg2 d5 5. cxd5 cxd5 6. Nf3 Bg7 7. Qa4+ Bd7 8. Qb3 Nc6 9. O-O Bc8 10. Rd1 O-O 11. Ne5 Na5 12. Qa3 Bf5 13. Bd2 Nc6 14. Nxc6 bxc6 15. Ba5 Qe8 16. Bb4 Qd7 17. Nc3 Rfe8 18. Na4 e5 19. Nc5 Qc8 20. dxe5 Rxe5 21. Re1 Nd7 22. Bc3 Re8 23. Bxg7 Kxg7 24. Rac1 Nxc5 25. Rxc5 Qd7 26. Qc3+ d4 27. Qd2 Be4 28. Rec1 Bxg2 29. Kxg2 Re6 30. R1c4 Rae8 31. e3 d3 32. Rd4 Rd6 33. Rcc4 c5 34. Rxc5 Rxd4 35. exd4 Qxd4 36. Qc3 Qxc3 37. Rxc3 Rd8 38. Rc1 Re8 39. Rd1 Re2 40. Rxd3 Rxb2 41. Ra3 Rb7 42. g4 g5 43. Ra6 h6 44. Kg3 f6 45. h4 gxh4+ 46. Kxh4 Kg6 47. f4 Rd7 48. f5+ Kg7 49. Kh5 Rc7 50. Kh4 Rd7 51. Kg3 Rb7 52. a4 Rb3+ 53. Kh4 Rb7 54. a5 Rc7 55. Kg3 Rc3+ 56. Kf4 Rc4+ 57. Kf3 Rc7 58. Ke4 Rd7 59. Ke3 Kf7 60. Ke4 Kg7 61. Rc6 h5 62. gxh5 Re7+ 63. Kd4 Re5 64. Rc5 Re1 65. Rc7+ Kh6 66. Rxa7 Kxh5 67. Rg7 Ra1 68. Ra7 Kg5 69. Ke4 Ra4+ 70. Kd5 Kxf5 71. Ra8 Kf4 72. a6 f5 73. Kc5 Kf3 74. Kb5 Ra1 75. Rc8 f4 76. Rc4 Rxa6 77. Kxa6 Ke3 78. Rc3+ Ke2 79. Rc2+ Ke3 80. Kb5 f3 81. Rc3+ Ke2 82. Rc2+ Ke3 83. Kc4 f2 84. Rc3+ Ke2 85. Rc2+ Ke3 86. Rc1 Ke2 87. Kd4 f1=Q 88. Rxf1 Kxf1 1/2-1/2


[Site "https://www.chess.com"]

[Event "Titled Tuesday Blitz April 25 Early 2023"]
[White "Skvortsov, Andrei"]
[Black "Tanmay Jain"]
[WhiteFideId "24108600"]
[BlackFideId "45015481"]
[WhiteElo "2259"]
[BlackElo "2032"]
[Result "1-0"]
[Round "05"]
[TimeControl "180+2"]
[Date "2023.04.25"]
[WhiteClock "0:00:08"]
[BlackClock "0:00:04"]

1. e4 d5 2. exd5 Qxd5 3. Nc3 Qd8 4. Bc4 Nf6 5. d4 e6 6. Nge2 b6 7. O-O Bb7 8. Bg5 Be7 9. f3 O-O 10. Ng3 Nbd7 11. Qd2 c5 12. dxc5 Qc7 13. Be3 Bxc5 14. Bb3 Rad8 15. Bxc5 Nxc5 16. Qe3 a6 17. Rad1 b5 18. Nce2 Nxb3 19. cxb3 Nd5 20. Qf2 Qc2 21. Nd4 Qc5 22. Rc1 Qb6 23. Rfd1 Rfe8 24. Nc2 Qd6 25. Ne4 Qe7 26. Nc5 Nf4 27. b4 Bd5 28. a3 Qg5 29. Kh1 Qf6 30. Ne3 Rd6 31. Ne4 Bxe4 32. Rxd6 Nd3 33. Qd2 Nxc1 34. Ng4 Qf5 35. Ne3 Qf6 36. Qxc1 Bg6 37. Kg1 h5 38. Qd2 h4 39. h3 Qe5 40. Rd4 Rc8 41. Rxh4 Qg5 42. Rd4 Rc2 43. Nxc2 Qe5 44. Ne3 Qc7 45. Nf1 Qe5 46. Rd8+ Kh7 47. Qd4 Qf5 48. Qh4+ Bh5 49. Rd2 Qg6 50. Qf2 Qh6 51. Ng3 Bg6 52. f4 Qh4 53. Kh2 Qf6 54. Qd4 Qe7 55. f5 exf5 56. Rf2 Qe6 57. Qf4 Qf6 58. Nxf5 Qe6 59. Ng3 Kg8 60. Rd2 Qe7 61. Qd6 Qe3 62. Qd8+ Kh7 63. Qh4+ Kg8 64. Rd8+ 1-0


[Site "https://www.chess.com"]

[Event "Titled Tuesday Blitz April 25 Early 2023"]
[White "Jovic, Stanoje"]
[Black "KRUMMEL2008"]
[WhiteFideId "905020"]
[WhiteElo "2236"]
[BlackElo "2631"]
[Result "0-1"]
[Round "05"]
[TimeControl "180+2"]
[Date "2023.04.25"]
[WhiteClock "0:00:02"]
[BlackClock "0:00:02"]

1. c4 Nf6 2. g3 g6 3. Bg2 Bg7 4. Nc3 O-O 5. Nf3 c5 6. O-O Nc6 7. d4 d6 8. dxc5 dxc5 9. Bf4 Nh5 10. Be3 b6 11. Qa4 Bd7 12. Rfd1 Bxc3 13. bxc3 Qc7 14. Rd2 Rad8 15. Rad1 Nf6 16. Bf4 Qc8 17. h3 Na5 18. Qc2 Nxc4 19. Rd3 Bf5 20. Qa4 Bxd3 21. exd3 Nb2 22. Qc2 Nxd1 23. Qxd1 Qe6 24. Qc2 c4 25. d4 Qe4 26. Qa4 Qd3 27. Qb4 Nd5 28. Qa3 Qxc3 29. Qxa7 Qa1+ 30. Kh2 c3 31. Bh6 c2 32. Ne5 c1=Q 33. Bxc1 Qxc1 34. Qb7 Qc7 35. Qa6 Nf6 36. Qa4 Qd6 37. Nf3 Ra8 38. Qb3 Qa3 39. Qxb6 Qxa2 40. d5 Qxd5 41. Nh4 Qd6 42. Qe3 Rab8 43. Qg5 Rfd8 44. Nf5 Qe6 45. Ne3 Rbc8 46. h4 h5 47. Bh3 Qd6 48. Bxc8 Rxc8 0-1


[Site "https://www.chess.com"]

[Event "Titled Tuesday Blitz April 25 Early 2023"]
[White "Ibadov, Dashgyn"]
[Black "Sliwicki, Damian"]
[WhiteFideId "24107514"]
[BlackFideId "1127128"]
[WhiteElo "2208"]
[BlackElo "2030"]
[Result "1-0"]
[Round "05"]
[TimeControl "180+2"]
[Date "2023.04.25"]
[WhiteClock "0:00:41"]
[BlackClock "0:00:08"]

1. e4 c5 2. Nf3 g6 3. d4 cxd4 4. Nxd4 Nc6 5. Nc3 Bg7 6. Be3 Nf6 7. Nxc6 bxc6 8. e5 Ng8 9. Bd4 f6 10. f4 Qc7 11. Bc4 fxe5 12. fxe5 Bxe5 13. O-O Bxh2+ 14. Kh1 Be5 15. Bf7+ Kd8 16. Nd5 Qd6 17. Qe1 Bxd4 18. Qa5+ Bb6 19. Nxb6 Qc7 20. Qc3 e5 21. Nxa8 Qb8 22. Rae1 Ne7 23. Rxe5 Rf8 24. Qa5+ 1-0


[Site "https://www.chess.com"]

[Event "Titled Tuesday Blitz April 25 Early 2023"]
[White "Koellner, Ruben Gideon"]
[Black "Hajiyev, Kanan"]
[WhiteFideId "12993093"]
[BlackFideId "13404148"]
[WhiteElo "2314"]
[BlackElo "2103"]
[Result "1-0"]
[Round "05"]
[TimeControl "180+2"]
[Date "2023.04.25"]
[WhiteClock "0:00:14"]
[BlackClock "0:00:04"]

1. d4 d5 2. Nf3 c5 3. e3 cxd4 4. exd4 Nc6 5. c3 Nf6 6. Nbd2 Bg4 7. Bb5 a6 8. Bxc6+ bxc6 9. Qa4 Bd7 10. Ne5 c5 11. Nxd7 Qxd7 12. Qxd7+ Nxd7 13. dxc5 Nxc5 14. Nb3 e6 15. Nxc5 Bxc5 16. Ke2 Ke7 17. Be3 Rhc8 18. Bxc5+ Rxc5 19. Kd3 a5 20. Rhc1 Rac8 21. Kd2 h5 22. b4 Rc4 23. a3 h4 24. h3 e5 25. Rab1 a4 26. b5 Rb8 27. b6 Kd6 28. Rb5 Kc6 29. Rcb1 Rb7 30. Ra5 Rxb6 31. Rxb6+ Kxb6 32. Rxd5 f6 33. Rd8 Rf4 34. f3 Kc5 35. Rc8+ Kd5 36. Kd3 g5 37. Rb8 Kc5 38. Rb4 f5 39. Kd2 e4 40. fxe4 Rxe4 41. Kd3 Re1 42. Rxa4 Rg1 43. Ra5+ Kb6 44. Rxf5 Rxg2 45. Rf3 Kb5 46. Ke4 Ka4 47. c4 Rc2 48. Kf5 Rxc4 49. Kxg5 Rc5+ 50. Kxh4 Kb5 51. Kg4 Rc4+ 52. Kg5 Rc8 53. h4 Rg8+ 54. Kh5 Rh8+ 55. Kg4 Rg8+ 56. Kh3 Rh8 57. Rf4 Ka5 58. Kg4 Rg8+ 59. Kf5 Rf8+ 60. Ke5 Re8+ 61. Kf6 Rf8+ 62. Ke5 Re8+ 63. Kd6 Rh8 64. a4 Rh6+ 65. Ke5 Rh5+ 66. Kf6 Rh8 67. Kg7 Rh5 68. Kg6 Rc5 69. h5 Rc6+ 70. Rf6 Rc1 71. h6 Rg1+ 72. Kf7 Rh1 73. Kg7 Kxa4 74. h7 Rg1+ 75. Rg6 Rb1 76. h8=Q 1-0


[Site "https://www.chess.com"]

[Event "Titled Tuesday Blitz April 25 Early 2023"]
[White "Ezat, Mohamed"]
[Black "Jaskolka, Tomasz"]
[WhiteFideId "10600906"]
[BlackFideId "1170791"]
[WhiteElo "2386"]
[BlackElo "2155"]
[Result "1-0"]
[Round "05"]
[TimeControl "180+2"]
[Date "2023.04.25"]
[WhiteClock "0:00:43"]
[BlackClock "0:00:05"]

1. d4 d5 2. c4 e5 3. dxe5 d4 4. Nf3 Nc6 5. Nbd2 Nge7 6. Nb3 Ng6 7. Nfxd4 Ngxe5 8. e3 Be7 9. Be2 O-O 10. O-O a5 11. Nxc6 Nxc6 12. Nd4 Bf6 13. Nxc6 bxc6 14. Qc2 Be6 15. Bf3 Qe7 16. Bxc6 Rab8 17. Bd5 Rfe8 18. Rb1 Qc5 19. Bxe6 Rxe6 20. b3 a4 21. Bb2 axb3 22. axb3 Bxb2 23. Rxb2 h5 24. Rd1 h4 25. h3 Rg6 26. Rd5 Qc6 27. Qd3 Ra8 28. Rd2 Ra1+ 29. Rd1 Ra2 30. Qe4 f6 31. Qxg6 Qe6 32. Rd8+ Qe8 33. Rxe8# 1-0


[Site "https://www.chess.com"]

[Event "Titled Tuesday Blitz April 25 Early 2023"]
[White "Yeritsyan, Hayk"]
[Black "wqws"]
[WhiteFideId "13307320"]
[WhiteElo "2464"]
[BlackElo "2607"]
[Result "1-0"]
[Round "05"]
[TimeControl "180+2"]
[Date "2023.04.25"]
[WhiteClock "0:01:32"]
[BlackClock "0:00:34"]

1. Nf3 d5 2. b3 Nf6 3. Bb2 Bf5 4. g3 e6 5. Bg2 h6 6. O-O Nbd7 7. d3 Bd6 8. Nbd2 O-O 9. Re1 Bh7 10. e4 dxe4 11. dxe4 e5 12. Qe2 Qe7 13. Nh4 Rfe8 14. Nc4 Rad8 15. Rad1 Nc5 16. Nf5 Bxf5 17. exf5 Qf8 18. Nxe5 Bxe5 19. Rxd8 Rxd8 20. Bxe5 Re8 21. Qd1 Qe7 22. Bc3 Rd8 23. Rxe7 Rxd1+ 24. Re1 Rd8 25. b4 Na4 26. Bxf6 gxf6 27. Bxb7 Rb8 28. Bd5 Rxb4 29. Re8+ Kg7 30. Re7 Nc3 31. Bxf7 Kf8 32. Rxc7 Ne4 33. Bb3 a5 34. a4 Nd6 35. Kg2 Nxf5 36. Rf7+ Ke8 37. Rxf6 Nd4 38. Rxh6 Nxb3 39. cxb3 Rxb3 40. Rh5 1-0


[Site "https://www.chess.com"]

[Event "Titled Tuesday Blitz April 25 Early 2023"]
[White "Namitbir Singh Walia"]
[Black "Taboas Rodriguez, Daniel"]
[WhiteFideId "35071068"]
[BlackFideId "2208466"]
[WhiteElo "2239"]
[BlackElo "2365"]
[Result "1-0"]
[Round "05"]
[TimeControl "180+2"]
[Date "2023.04.25"]
[WhiteClock "0:00:07"]
[BlackClock "0:00:02"]

1. e4 e5 2. Nf3 Nc6 3. Bb5 Nf6 4. O-O Nxe4 5. d4 Nd6 6. dxe5 Nxb5 7. a4 d6 8. e6 Bxe6 9. axb5 Ne5 10. Nd4 Be7 11. f4 Nd7 12. Nxe6 fxe6 13. Qh5+ g6 14. Qh6 Bf8 15. Qh3 Qf6 16. Re1 e5 17. fxe5 Nxe5 18. Nc3 Bg7 19. Rf1 Qe7 20. Bg5 Qd7 21. Qe3 a6 22. Nd5 Rf8 23. b6 Rc8 24. Nxc7+ Rxc7 25. bxc7 Qxc7 26. c3 Rxf1+ 27. Rxf1 Qc5 28. Qxc5 dxc5 29. Bf6 Bxf6 30. Rxf6 Nc6 31. Kf2 Ke7 32. Rf3 b5 33. Ke3 a5 34. Ke4 Ke6 35. Rf8 a4 36. Rc8 Kd6 37. Rh8 h5 38. Rg8 Ne7 39. Rb8 Kc6 40. Ke5 Nf5 41. Rg8 Nh4 42. g3 Nf3+ 43. Kf4 Nxh2 44. Ke4 b4 45. c4 Nf1 46. Rxg6+ Kd7 47. Kd3 Kc7 48. Rg5 Kb6 49. Rg6+ Kb7 50. Rg7+ Kb6 51. Rg8 Kb7 52. Rg5 Kb6 53. Ke2 a3 54. bxa3 bxa3 55. Rg6+ Ka5 56. Rg8 Nh2 57. Rb8 Ka4 58. Kd2 Nf3+ 59. Kc3 Ka5 60. Ra8+ Kb6 61. Kb3 Nd4+ 62. Kxa3 Ne2 63. Rg8 Kc6 64. Rg6+ Kd7 65. Kb2 Ke7 66. Rg5 Kf6 67. Rxh5 Nxg3 68. Rxc5 Ke6 69. Rd5 Ne4 70. Kb3 Nf6 71. Rd1 Ne4 72. Kb4 Nd6 73. Kc5 Nf5 74. Kb6 Ne3 75. Re1 Kd6 76. Rxe3 1-0


[Site "https://www.chess.com"]

[Event "Titled Tuesday Blitz April 25 Early 2023"]
[White "Jeet, Jain"]
[Black "Estrada Nieto, Julian"]
[WhiteFideId "5073022"]
[BlackFideId "5101018"]
[WhiteElo "2067"]
[BlackElo "2161"]
[Result "0-1"]
[Round "05"]
[TimeControl "180+2"]
[Date "2023.04.25"]
[WhiteClock "0:02:15"]
[BlackClock "0:01:36"]

1. c4 e5 2. Nc3 Nf6 3. g3 d5 4. cxd5 Nxd5 5. Bg2 Nb6 6. Nf3 Nc6 7. O-O Be7 8. d3 O-O 9. a3 Be6 10. b4 a5 11. b5 Nd4 12. Nxe5 Bf6 13. f4 Bxe5 14. fxe5 Nb3 15. Be3 Nxa1 16. Qxa1 Nd5 17. Nxd5 Bxd5 18. Bh3 Re8 19. Bd4 Qe7 20. a4 c6 21. b6 Rad8 22. e3 Be6 23. Rc1 Bxh3 0-1


[Site "https://www.chess.com"]

[Event "Titled Tuesday Blitz April 25 Early 2023"]
[White "HamedWafa4"]
[Black "Panesso Rivera, Henry"]
[BlackFideId "4402707"]
[WhiteElo "2458"]
[BlackElo "2345"]
[Result "0-1"]
[Round "05"]
[TimeControl "180+2"]
[Date "2023.04.25"]
[WhiteClock "0:00:11"]
[BlackClock "0:00:29"]

1. e4 d6 2. d4 Nf6 3. Nc3 g6 4. Bg5 h6 5. Bh4 Nc6 6. f4 Bg7 7. Nf3 Bg4 8. Be2 Nd7 9. Bf2 Bxf3 10. Bxf3 e5 11. fxe5 dxe5 12. d5 Nd4 13. Bxd4 exd4 14. Ne2 Qf6 15. O-O Qb6 16. Kh1 O-O 17. Rb1 Rae8 18. Qd2 Nc5 19. Qf4 g5 20. Qg4 d3 21. cxd3 Nxd3 22. h4 Nf2+ 23. Rxf2 Qxf2 24. hxg5 hxg5 25. Ng3 Qe3 26. Nf5 Qf4 27. Qxf4 gxf4 28. Rc1 Be5 29. b4 Kh7 30. Kg1 Kg6 31. Kf2 Rh8 32. b5 Kf6 33. a4 Bd6 34. a5 Ke5 35. Ng7 Reg8 36. Nf5 Rc8 37. Bg4 Rcg8 38. Bf3 Rh7 39. Rd1 Rgh8 40. Rc1 Rh1 41. Rc2 Rb1 42. Be2 Kxe4 43. Nxd6+ cxd6 44. Rc7 Rb2 45. Re7+ Kxd5 46. Rxb7 Re8 47. Kf3 Rexe2 48. Rxa7 Rf2+ 49. Kg4 Rxb5 50. Rxf7 Kc6 0-1


[Site "https://www.chess.com"]

[Event "Titled Tuesday Blitz April 25 Early 2023"]
[White "Mrudul Dehankar"]
[Black "Osinenko, Anton"]
[WhiteFideId "25096990"]
[BlackFideId "4158970"]
[WhiteElo "2139"]
[BlackElo "2294"]
[Result "1-0"]
[Round "05"]
[TimeControl "180+2"]
[Date "2023.04.25"]
[WhiteClock "0:00:06"]
[BlackClock "0:00:40"]

1. e4 c5 2. Nf3 d6 3. d4 cxd4 4. Nxd4 Nf6 5. Nc3 a6 6. Bg5 Nbd7 7. f4 b5 8. Bxf6 gxf6 9. a4 b4 10. Nd5 Nc5 11. Qf3 Bb7 12. f5 Bxd5 13. exd5 Qb6 14. a5 Qb7 15. Bc4 Nd7 16. Bb3 Ne5 17. Ba4+ Kd8 18. Qe4 Rg8 19. Nc6+ Nxc6 20. Bxc6 Qa7 21. Bxa8 Qxa8 22. O-O Bh6 23. Kh1 Qb7 24. Rf3 Qb5 25. Rb3 Bd2 26. Rd1 h5 27. Qd3 Qxd3 28. Rxd3 Be3 29. Rxe3 Rg5 30. Rf3 Rg4 31. h3 Rc4 32. c3 Rc5 33. cxb4 Rc4 34. Rb3 Kc7 35. b5 axb5 36. Rxb5 Rc2 37. a6 Rc4 38. a7 Ra4 39. Rc1+ Kd7 40. Rb7+ 1-0


[Site "https://www.chess.com"]